Kradschützen Motorcycle Team
Selects Italian Combined Arms Battlegroup
Selects Bersaglieri Squad
Construct Light Support Kompanie
Panzerjäger Mechanized Group
Selects Bersaglieri Bolster
Selects Semovente da 75/18 Assault Gun
Selects Carro Armato M13/40 Light Tank
Construct Panzerarmee Kommand
Walking Stuka Rocket Launcher
Selects Vehicle Support - Force Recon
Pak 38 Anti-tank Gun Team
Pak 38 Anti-tank Gun Team